 Dungeon Crawl Stone Soup version 0.23.2-40-g277498a001 (webtiles) character file.

Game seed: 14656595698242446692

224 FishyPogo the Grasshopper (level 5, 0/45 HPs)
             Began as a Draconian Warper on Aug 25, 2019.
             Slain by a gnoll
             ... wielding a +0 spear
              (8 damage)
             ... on level 2 of the Dungeon.
             The game lasted 00:14:25 (3283 turns).

FishyPogo the Grasshopper (Draconian Warper)        Turns: 3283, Time: 00:14:26

Health: 0/45       AC:  5    Str: 14    XL:     5   Next: 67%
Magic:  8/8        EV: 13    Int: 13    God:
Gold:   52         SH:  0    Dex: 11    Spells: 4/8 levels left

rFire    . . .     SeeInvis .   a - +0 hand axe
rCold    . . .     Gourm    .   (no shield)
rNeg     + . .     Faith    .   (armour unavailable)
rPois    .         Spirit   .   (helmet restricted)
rElec    .         Reflect  .   (no cloak)
rCorr    .         Harm     .   (no gloves)
MR       .....                  (no boots)
Stlth    +.........             (no amulet)
HPRegen  0.15/turn              b - ring of positive energy
MPRegen  0.11/turn              (no ring)

@: no status effects
A: unfitting armour, cold-blooded, AC +5
a: no special abilities


You were on level 2 of the Dungeon.
You were not hungry.

You visited 1 branch of the dungeon, and saw 3 of its levels.

You collected 52 gold pieces.

Inventory:

Hand Weapons
 a - a +0 hand axe (weapon)
Missiles
 d - 5 tomahawks of dispersal
 e - 89 stones (quivered)
 n - 3 silver tomahawks
Armour
 k - a +0 shield
Jewellery
 b - a ring of positive energy (left hand)
 g - an uncursed ring of fire
 l - an uncursed ring of resist corrosion
Scrolls
 c - a scroll of blinking
 h - a scroll of noise {unknown}
 i - 2 scrolls of fog
 j - a scroll of identify
Potions
 m - a potion of flight {unknown}
 p - a potion of degeneration {unknown}
Comestibles
 f - 5 rations


   Skills:
 + Level 3.4 Fighting
 + Level 2.8 Axes
 - Level 2.0 Throwing
 + Level 3.1 Dodging
 - Level 2.0 Spellcasting
 + Level 1.3 Charms
 * Level 4.0 Translocations


You had 4 spell levels left.
You knew the following spells:

 Your Spells              Type           Power        Failure   Level  Hunger
d - Shroud of Golubria    Chrm/Tloc      #.........   13%         2    ###....
f - Blink                 Tloc           N/A          8%          2    ###....

Your spell library contained the following spells:

 Spells                   Type           Power        Failure   Level  Hunger
 Gell's Gravitas          Tloc           ##........   14%         3    ####...
 Lesser Beckoning         Tloc           ##........   14%         3    ####...
 Teleport Other           Tloc           ##......     14%         3    ####...
 Passage of Golubria      Tloc           N/A          43%         4    #####..


Dungeon Overview and Level Annotations

Branches:
Dungeon (3/15)

Altars:


Innate Abilities, Weirdness & Mutations

Your plain brown scales are hard. (AC +5)
You cannot fit into any form of body armour.
You are cold-blooded and may be slowed by cold attacks.


Message History

The gnoll is heavily wounded.
The gnoll hits you with a +0 spear. The gnoll hits you with a +0 spear!
* * * LOW HITPOINT WARNING * * *
You closely miss the gnoll.
The gnoll is heavily wounded.
The gnoll hits you but does no damage.
You barely miss the gnoll.
The gnoll is heavily wounded.
The gnoll hits you with a +0 spear.
* * * LOW HITPOINT WARNING * * *
You hit the gnoll.
The gnoll is severely wounded.
The gnoll hits you but does no damage.
You closely miss the gnoll.
The gnoll is severely wounded.
The gnoll barely misses you.
You barely miss the gnoll.
The gnoll is severely wounded.
The gnoll barely misses you. The gnoll hits you with a +0 spear!
You die...

######### #.......# #.......#
#.......#################
#####...............<.......#
....#.......#(......#######.#
###.#.......#.(g@...## #.#
#.#.......#........# #.#
###.####.####........# #.#
### .........#
#........######.###..
..#.######
#...................# #.#.#
####.##########.##..#
#.#.######
##..#########.##..#
#.#......#
#..................
#.######.#
#.#.########..##...


You could see a gnoll.

Vanquished Creatures
  An orc priest (D:3)
  An orc wizard (D:3)
  A worker ant (D:3)
  2 adders (D:2)
  2 gnolls (D:3)
  An ooze (D:2)
  4 worms (D:2)
  3 dart slugs
  2 leopard geckos (D:1)
  9 orcs (D:3)
  7 giant cockroaches
  6 goblins
  2 hobgoblins
  10 jackals
  A quokka (D:2)
  8 bats
  3 frilled lizards
  9 kobolds
  4 rats
76 creatures vanquished.

Notes
Turn   | Place    | Note
-------+----------+-------------------------------------------
     0 | D:1      | FishyPogo the Draconian Warper began the quest for the Orb.
     0 | D:1      | Reached XP level 1. HP: 17/17 MP: 3/3
    21 | D:1      | Reached skill level 1 in Throwing
   201 | D:1      | Reached XP level 2. HP: 25/25 MP: 5/5
   207 | D:1      | Learned a level 2 spell: Shroud of Golubria
   498 | D:1      | Reached XP level 3. HP: 29/30 MP: 6/6
   753 | D:1      | You fall through a shaft!
  1185 | D:2      | Reached XP level 4. HP: 34/37 MP: 7/7
  2464 | D:3      | Learned a level 2 spell: Blink
  2519 | D:3      | Reached XP level 5. HP: 18/45 MP: 5/8
  2525 | D:3      | Reached skill level 1 in Charms
  3088 | D:3      | Reached skill level 4 in Translocations
  3283 | D:2      | Slain by a gnoll

Skill      XL: |  1  2  3  4  5 |
---------------+----------------+-----
Throwing       | 1 2 |  2.0
Fighting       | 3 |  3.4
Charms         | 1 |  1.3
Dodging        | 3 |  3.1
Translocations | 4 |  4.0
Axes           | |  2.8
Spellcasting   | |  2.0

Action                   |  1- 3 |  4- 6 || total
-------------------------+-------+-------++-------
Melee: Hand axe          |   130 |   187 ||   317
       Tailslap          |    15 |    28 ||    43
Throw: Stone             |       |    49 ||    49
 Cast: Shroud of Golubri |     1 |     6 ||     7
       Blink             |       |     5 ||     5
  Use: Scroll            |     1 |     2 ||     3
       Potion            |     1 |     2 ||     3
  Eat: Chunk             |     1 |     8 ||     9
Armor: Skin              |    40 |    47 ||    87
Dodge: Dodged            |    88 |   130 ||   218
